Map: Dusty Gorge

Players

llllllllllll - Winner!

  • Race: Protoss Protoss
  • Spawn Location: 9:00

PureLegacy - Winner!

  • Race: Terran Terran
  • Spawn Location: 11:00

Darling

  • Race: Zerg Zerg
  • Spawn Location: 3:00

Starlight

  • Race: Protoss Protoss
  • Spawn Location: 5:00

VOD

Have the link to the VOD?

Description

Time

  • Played on: Nov. 22, 2018, 8:37 a.m.
  • Length: 5:26
Show
View Real Time Build Order
Export as new Build Order

llllllllllll Protoss - Winner!

Build Orders: Cannon Rush 

Get SALT Encoding   

  1  0:00  Probe  
  12  0:05  Probe  
  14  0:18  Pylon  
  14  0:23  Probe  
  15  0:39  Forge  
  15  0:41  Probe  
  16  0:53  Probe  
  17  0:57  Pylon  
  17  1:16  Photon Cannon  
  17  1:25  Photon Cannon  
  17  1:27  Photon Cannon  
  17  1:33  Pylon  
  17  1:52  Photon Cannon  
  17  1:56  Photon Cannon  
  15  3:53  Nexus  
Show
View Real Time Build Order
Export as new Build Order

PureLegacy Terran - Winner!

Build Orders:  

Get SALT Encoding   

  12  0:00  SCV  
  13  0:12  SCV  
  14  0:18  Supply Depot  
  14  0:25  SCV  
  15  0:29  Refinery  
  15  0:39  SCV  
  16  0:45  Barracks  
  16  0:51  SCV  
  17  1:03  Barracks  
  17  1:18  Barracks  
  17  1:23  SCV  
  19  1:32  Reaper  
  19  1:40  Orbital Command  
  19  1:45  Refinery  
  19  1:53  Reaper  
  20  2:06  Reaper, Supply Depot  
  21  2:09  Reaper  
  22  2:19  SCV  
  23  2:36  Reaper, Supply Depot  
  24  2:40  Reaper  
  25  2:44  Reaper  
  25  2:46  SCV  
  27  3:02  SCV  
  28  3:08  Reaper  
  28  3:12  Reaper  
  30  3:15  SCV  
  30  3:16  Reaper  
  30  3:17  Command Center  
  32  3:40  Reaper  
  33  3:44  Reaper, SCV  
  35  3:53  Reaper  
  36  3:59  SCV  
  37  4:03  Supply Depot  
  37  4:11  SCV  
  37  4:12  Reaper  
  39  4:22  Barracks  
  39  4:23  Barracks  
  39  4:25  Reaper  
  40  4:33  Reaper  
  40  4:48  Reaper  
Show
View Real Time Build Order
Export as new Build Order

Darling Zerg 

Build Orders: Hatch First 

Get SALT Encoding   

  12  0:01  Drone  
  13  0:09  Drone  
  14  0:17  Overlord  
  14  0:36  Drone x3  
  17  0:55  Hatchery  
  16  0:58  Drone  
  16  1:00  Drone  
  18  1:12  Extractor  
  17  1:19  Spawning Pool  
  17  1:20  Drone  
  17  1:25  Drone  
  18  1:32  Drone  
  19  1:47  Drone  
  20  2:08  Queen  
  22  2:09  Queen  
  22  2:10  Drone  
  22  2:11  Zergling x4  
  22  2:13  Metabolic Boost  
  27  2:22  Drone  
  28  2:33  Overlord  
  27  2:48  Overlord  
  27  2:51  Queen x2  
  27  2:57  Zergling x2  
  32  3:02  Zergling x2  
  32  3:03  Zergling x2  
  32  3:04  Zergling x4  
  35  3:08  Zergling x2  
  35  3:09  Zergling x2  
  37  3:17  Zergling x6  
  37  3:18  Drone x2  
  40  3:45  Zergling x2  
  40  3:46  Zergling x6  
  40  3:48  Overlord x2  
  43  3:59  Overlord  
  43  4:10  Drone  
  43  4:11  Drone x4  
  43  4:15  Drone  
  48  4:32  Drone  
  48  4:33  Drone x4  
  52  4:42  Zergling x4  
  50  4:48  Zergling x2  
  50  4:49  Zergling x4  
  48  4:59  Zergling x6  
  49  5:01  Zergling x2  
  49  5:02  Zergling x2  
Show
View Real Time Build Order
Export as new Build Order

Starlight Protoss 

Build Orders: Cannon Rush 

Get SALT Encoding   

  1  0:00  Probe  
  12  0:06  Probe  
  14  0:21  Pylon  
  14  0:24  Probe  
  15  0:39  Forge  
  15  0:53  Pylon  
  15  0:56  Pylon  
  15  0:59  Probe  
  16  1:14  Photon Cannon  
  16  1:26  Photon Cannon  
  16  1:35  Assimilator  
  16  1:42  Photon Cannon  
  15  1:58  Pylon  
  15  1:59  Probe  
  16  2:17  Photon Cannon  
  11  3:04  Nexus  
Tags
 
Add a new tag
Caveats
  • Supply blocks, unpowered buildings, or Contaminate may cause inaccurate times.
  • Supply counts are checked every 10 seconds.